 Dungeon Crawl Stone Soup version 0.28.0-45-g0d030f2227 (webtiles) character file.

Game seed: 16061590096777920992

161 Kziril the Skirmisher (level 5, -9/34 HPs)
             Began as a Gargoyle Fighter on Apr 18, 2022.
             Mangled by an orc
             ... wielding a +0 trident
              (10 damage)
             ... on level 3 of the Dungeon.
             The game lasted 00:11:25 (2620 turns).

Kziril the Skirmisher (Gargoyle Fighter)            Turns: 2620, Time: 00:11:26

Health: -9/34      AC: 14    Str: 20    XL:     5   Next: 42%
Magic:  5/5        EV:  7    Int:  8    God:
Gold:   155        SH:  4    Dex: 11    Spells: 4/4 levels left

rFire   . . .      SeeInvis .   o - +0 flail (holy)
rCold   + . .      Faith    .   c - +0 buckler
rNeg    + . .      Spirit   .   a - +2 ring mail {rC+}
rPois   ∞          Reflect  .   j - +0 helmet
rElec   +          Harm     .   (no cloak)
rCorr   .          Rampage  .   g - +0 pair of gloves
Will    .....                   (no boots)
Stlth   +.........              (no amulet)
HPRegen 0.11/turn               (no ring)
MPRegen 0.09/turn               (no ring)

@: constricted
A: sickness immunity, AC +4, negative energy resistance 1, electricity
resistance, torment resistance 1, petrification resistance
a: no special abilities


You were on level 3 of the Dungeon.
You visited 1 branch of the dungeon, and saw 4 of its levels.

You collected 155 gold pieces.

Inventory:

Hand Weapons
 o - a +0 flail of holy wrath (weapon)
Armour
 a - a +2 ring mail of cold resistance (worn)
 c - a +0 buckler (worn)
 g - a +0 pair of gloves (worn)
 j - a +0 helmet (worn)
Wands
 p - a wand of iceblast (7)
Scrolls
 b - a scroll of identify {unknown}
 e - a scroll of magic mapping {unknown}
 m - a scroll of teleportation {unknown}
Potions
 d - 2 potions of might
 f - a potion of flight {unknown}
 h - a potion of magic {unknown}
 i - a potion of mutation {unknown}
 k - 2 potions of curing {unknown}
 l - a potion of heal wounds {unknown}
 n - a potion of brilliance {unknown}
 q - a potion of attraction {unknown}


   Skills:
 * Level 4.8 Fighting
 + Level 2.9 Maces & Flails
 + Level 4.1 Armour
 + Level 4.1 Shields


You had 4 spell levels left.
You didn't know any spells.
Your spell library was empty.

Dungeon Overview and Level Annotations

Branches:
Dungeon (4/15)
 Temple: D:4-7

Altars:
Vehumet
The Shining One


Innate Abilities, Weirdness & Mutations

You are immune to sickness and miasma.
Your stone body is resilient. (AC +4)
You are immune to poison.
You resist negative energy. (rN+)
You are resistant to electric shocks. (rElec)
You are resistant to unholy torment.
You are immune to petrification.


Message History

A kobold comes into view. It is wielding a +0 short sword.
You barely miss the orc wizard.
The orc wizard is severely wounded.
The kobold shouts!
The ball python barely misses you. The ball python constricts you.
The orc wizard hits you but does no damage.
You block the orc's attack.
The ball python bites you but does no damage.
The ball python constricts you.
The orc wizard hits you with a +0 dagger.
You closely miss the orc wizard.
The orc wizard is severely wounded.
You block the orc's attack. The ball python closely misses you.
The ball python constricts you. The orc wizard barely misses you.
The orc hits you from afar with a +0 trident.
Unknown command.
You barely miss the orc wizard.
The orc wizard is severely wounded.
The ball python bites you. The ball python constricts you.
The orc wizard hits you with a +0 dagger.
The orc hits you from afar with a +0 trident!
The ball python closely misses you. The ball python constricts you.
You miss the orc wizard.
The orc wizard is severely wounded.
The orc wizard points at you and mumbles some strange words.
The puff of flame hits you!
* * * LOW HITPOINT WARNING * * *
The ball python barely misses you. The ball python constricts you.
The orc hits you from afar with a +0 trident.
* * * LOW HITPOINT WARNING * * *
You barely miss the orc wizard.
The orc wizard is severely wounded.
The ball python bites you but does no damage.
The ball python constricts you. The orc wizard casts a spell at you.
The puff of flame misses you. You block the orc's attack.
The ball python barely misses you. The ball python constricts you.
The orc wizard hits you but does no damage.
The orc hits you from afar with a +0 trident!
You die...

.............# ... .
########.....# #.##.
##.#..## #... ##..#..##
#..# # ##..###..## #..# ##
##..## ##..## #..#####
.###..#+...##..## #<.(...#
..#..##..#..##..#####..##.#
....##..#.#. ##.@o# ..o#
..###..#._.# ###SoogK...o
... #..#.#. .###......#
..#. ##..#.. ## #.....#
.###. ##...# .#...# ## #.
.##### #. #.


You could see an orc wizard, 2 orcs, a goblin, a ball python and a kobold.

Vanquished Creatures
  An orc priest (D:3)
  3 gnolls
  5 adders
  A worm (D:2)
  3 orcs (D:3)
  6 bats
  6 endoplasms
  10 goblins
  A hobgoblin (D:3)
  4 quokkas
  6 ball pythons
  2 frilled lizards (D:1)
  2 kobolds (D:2)
  3 rats (D:1)
53 creatures vanquished.

Vanquished Creatures (others)
  7 fungi (D:2)
  6 plants (D:2)
13 creatures vanquished.

Grand Total: 66 creatures vanquished

Notes
Turn   | Place    | Note
-------+----------+-------------------------------------------
     0 | D:1      | Kziril the Gargoyle Fighter began the quest for the Orb.
     0 | D:1      | Reached XP level 1. HP: 14/14 MP: 1/1
   373 | D:1      | Reached XP level 2. HP: 19/19 MP: 2/2
   486 | D:1      | Found a radiant altar of Vehumet.
  1078 | D:2      | Reached XP level 3. HP: 24/24 MP: 3/3
  1310 | D:2      | Reached XP level 4. HP: 29/29 MP: 4/4
  1912 | D:2      | Found a faded altar of an unknown god.
  2432 | D:3      | Reached XP level 5. HP: 30/34 MP: 5/5
  2606 | D:3      | Found a glowing golden altar of the Shining One.
  2619 | D:3      | HP: 1/34 [orc/+0 trident (5)]
  2620 | D:3      | Mangled by an orc

Illustrated notes

Levels and vault maps discovered:
D:1:      wander_arrival_chamber, layout_loops_cross, minmay_hexomino_r4
D:2:      layout_basic, shapermc_ecumenical_altar_mp_urbaneastern
D:3:      layout_loops_corners, tso_metal_star, kennysheep_boxes
D:4:      layout_basic, lemuel_coloured_pillars_altar,
          minmay_temple_entry_from_below_a, serial_shops,
          nicolae_lakefront_shop, grunt_ministairs_7

Skill      XL: |  1  2  3  4 |
---------------+-------------+-----
Fighting       | 4 |  4.8
Armour         | 4 |  4.1
Shields        | 4 |  4.1
Maces & Flails | |  2.9

Action                   |  1- 3 |  4- 6 || total
-------------------------+-------+-------++-------
Melee: Flail             |    78 |    97 ||   175
Armor: Scale mail        |    44 |    35 ||    79
       Ring mail         |       |    17 ||    17
Dodge: Dodged            |    29 |    47 ||    76
Block: Buckler           |    13 |    22 ||    35
